Map: Magannatha LE

Players

Lambo

  • Race: Zerg Zerg
  • Spawn Location: 11:00

LiquidClem (Clem) - Winner!

  • Race: Terran Terran
  • Spawn Location: 5:00

Event: FEL Cracov 2025

VOD

Have the link to the VOD?

Description

Time

  • Played on: July 27, 2025, 3:49 p.m.
  • Length: 12:45

All games in this series

Show
View Real Time Build Order
Export as new Build Order

Lambo Zerg 

Build Orders: Hatch First 

Get SALT Encoding   

  12  0:00  Drone  
  13  0:09  Drone  
  14  0:15  Extractor, Drone  
  15  0:22  Overlord  
  15  0:40  Drone  
  16  0:45  Hatchery  
  16  0:49  Drone  
  16  0:53  Drone  
  16  0:56  Drone  
  18  1:08  Extractor  
  17  1:11  Spawning Pool  
  17  1:15  Drone  
  18  1:18  Drone  
  18  1:26  Drone  
  19  1:37  Drone  
  20  1:48  Drone  
  21  1:58  Queen x2  
  21  2:00  Zergling x4  
  27  2:12  Drone  
  28  2:17  Hatchery  
  28  2:19  Overlord  
  27  2:24  Drone  
  27  2:28  Spore Crawler  
  27  2:33  Drone  
  29  2:38  Drone x2  
  29  2:40  Queen  
  33  2:45  Overlord  
  33  2:49  Drone  
  34  2:52  Drone x2  
  36  3:04  Drone x2  
  38  3:09  Drone x6  
  44  3:15  Roach Warren  
  43  3:20  Extractor  
  43  3:21  Queen  
  43  3:27  Overlord  
  45  3:31  Queen  
  45  3:33  Drone  
  48  3:34  Drone  
  48  3:40  Drone  
  50  3:45  Drone x3  
  53  3:49  Evolution Chamber  
  53  3:50  Drone x3  
  53  3:51  Drone x2  
  53  3:54  Drone  
  58  3:59  Overlord  
  58  4:01  Overlord  
  58  4:06  Overlord  
  58  4:14  Overlord  
  58  4:16  Lair  
  58  4:18  Extractor  
  58  4:22  Roach x2  
  58  4:23  Roach x2  
  65  4:24  Drone x4  
  65  4:27  Drone x2  
  71  4:32  Drone x3  
  71  4:34  Drone  
  71  4:36  Drone x2  
  71  4:37  Drone  
  78  4:39  Drone  
  78  4:40  Drone  
  78  4:42  Drone x2  
  82  4:47  Overlord  
  82  4:49  Overlord  
  82  4:51  Spore Crawler  
  82  4:52  Spore Crawler  
  80  4:53  Spore Crawler  
  80  4:54  Drone  
  80  5:03  Hatchery  
  80  5:04  Drone x3  
  82  5:07  Drone x3  
  82  5:11  Extractor  
  82  5:12  Drone x2  
  86  5:15  Extractor, Overseer  
  86  5:17  Drone x2, Overseer  
  87  5:21  Drone x3  
  87  5:22  Drone  
  87  5:23  Roach  
  87  5:26  Extractor  
  87  5:27  Overlord  
  92  5:28  Extractor  
  92  5:30  Roach  
  92  5:31  Overlord  
  92  5:35  Evolution Chamber  
  92  5:36  Roach  
  92  5:39  Evolution Chamber  
  92  5:41  Evolution Chamber  
  92  5:43  Drone x4  
  92  5:48  Overlord  
  98  5:50  Zerg Ground Armor Level 1  
  98  5:56  Drone x7  
  102  5:57  Evolution Chamber  
  102  5:59  Drone x2  
  102  6:03  Drone  
  103  6:08  Glial Reconstitution  
  103  6:09  Overlord  
  103  6:14  Overlord  
  103  6:15  Drone  
  103  6:18  Queen  
  104  6:19  Roach  
  106  6:29  Roach x4  
  106  6:30  Metabolic Boost  
  114  6:33  Extractor  
  114  6:34  Baneling Nest  
  114  6:36  Infestation Pit  
  114  6:37  Drone x9, Evolution Chamber  
  114  6:38  Extractor  
  114  6:39  Roach x2  
  122  6:40  Ravager, Overlord  
  122  6:42  Drone  
  122  6:46  Drone x2  
  126  6:52  Overlord  
  130  6:54  Roach x2  
  130  6:55  Drone x3  
  133  7:03  Ravager x2  
  133  7:04  Roach x2  
  133  7:05  Roach  
  141  7:13  Ravager  
  137  7:16  Roach x9  
  137  7:20  Drone x5  
  137  7:21  Hive  
  137  7:22  Centrifugal Hooks  
  152  7:24  Overlord  
  152  7:35  Overlord  
  152  7:38  Zerg Melee Weapons Level 1  
  152  7:40  Overlord x3  
  152  7:44  Overlord x2  
  152  7:45  Zerg Ground Armor Level 2  
  152  7:49  Overlord  
  152  7:51  Overlord  
  152  7:53  Hatchery  
  152  7:54  Zergling x18  
  160  7:59  Zergling x8  
  160  8:01  Ravager x2  
  160  8:04  Zergling x12  
  172  8:13  Zergling x8  
  172  8:17  Zergling x2  
  172  8:18  Zergling x10  
  182  8:24  Zergling x8  
  182  8:33  Drone x3  
  181  8:40  Viper  
  181  8:41  Viper x2  
  181  8:43  Adrenal Glands  
  181  8:44  Ultralisk Cavern  
  181  8:48  Zergling x14  
  193  8:49  Hatchery  
  193  8:54  Zergling x4  
  194  8:57  Overseer  
  194  8:59  Baneling x14  
  194  9:00  Zergling x12  
  200  9:09  Overlord  
  200  9:13  Overlord  
  200  9:15  Baneling x10  
  200  9:25  Overseer  
  200  9:29  Overlord  
  199  9:34  Zergling x4  
  197  9:45  Zergling x36  
  196  9:50  Chitinous Plating  
  187  9:55  Ultralisk  
  187  9:58  Zergling x12  
  195  10:07  Zergling x6  
  190  10:12  Zergling x6  
  183  10:16  Zergling x2  
  183  10:19  Baneling x25  
  183  10:20  Zergling x6  
  180  10:23  Zergling x2  
  180  10:27  Zerg Melee Weapons Level 2  
  168  10:28  Zergling x14  
  168  10:33  Zergling x2  
  156  10:37  Ravager x2  
  158  10:43  Zergling x6  
  158  10:48  Zergling x2  
  158  10:54  Zergling x8  
  158  10:55  Hatchery  
  155  10:57  Zergling x6  
  155  11:00  Zergling x4  
  157  11:04  Zergling x6  
  157  11:09  Zergling x4  
  154  11:12  Ultralisk  
  160  11:25  Infestor x2  
  147  11:27  Queen x2  
  147  11:29  Zergling x24  
  161  11:37  Zergling x10  
  143  11:40  Ultralisk  
  143  11:44  Ultralisk  
  140  11:48  Zergling x4  
  140  11:50  Zergling x2  
  140  11:51  Zergling x6  
  127  11:56  Ultralisk x2  
  127  11:58  Zergling x14  
  140  12:03  Zergling x4  
  141  12:12  Zergling x8  
  138  12:16  Zergling x2  
  144  12:25  Zergling x6  
  144  12:27  Spore Crawler  
Show
View Real Time Build Order
Export as new Build Order

LiquidClem Terran - Winner!

Build Orders: Reaper Expand, Hellion Banshee 

Get SALT Encoding   

  12  0:00  SCV  
  13  0:12  SCV  
  14  0:16  Supply Depot  
  14  0:24  SCV  
  15  0:38  SCV, Barracks  
  16  0:42  Refinery  
  16  0:50  SCV  
  17  1:02  SCV  
  18  1:14  SCV  
  19  1:26  Reaper, Orbital Command  
  20  1:38  Command Center  
  20  1:45  Supply Depot  
  20  1:52  SCV  
  21  1:57  Marine  
  22  2:04  SCV  
  23  2:10  Factory  
  23  2:16  SCV  
  23  2:21  Barracks Reactor  
  24  2:28  SCV  
  25  2:38  Command Center  
  25  2:40  SCV  
  26  2:49  Orbital Command  
  26  2:53  SCV  
  27  3:01  Starport  
  27  3:03  Refinery  
  27  3:05  SCV  
  28  3:08  Hellion  
  28  3:12  Hellion  
  32  3:15  SCV  
  32  3:18  SCV  
  32  3:19  Barracks Tech Lab  
  34  3:27  SCV  
  34  3:30  SCV  
  36  3:39  SCV  
  37  3:42  SCV  
  37  3:44  Banshee  
  41  3:49  Orbital Command  
  41  3:50  Marine x2  
  41  3:51  SCV  
  41  3:53  Barracks, Cloaking Field  
  44  3:56  SCV  
  45  4:03  Supply Depot  
  45  4:04  SCV  
  45  4:08  SCV  
  47  4:15  SCV  
  47  4:16  SCV, Barracks Tech Lab  
  49  4:20  Hellion x2, SCV  
  54  4:27  Banshee, SCV, Supply Depot  
  54  4:28  SCV  
  54  4:29  Refinery  
  59  4:35  Engineering Bay  
  59  4:36  SCV, Engineering Bay  
  59  4:37  Marine  
  61  4:41  Hellion  
  61  4:42  Orbital Command  
  61  4:43  Hellion, Barracks Reactor  
  61  4:44  SCV  
  66  4:48  SCV  
  66  4:49  Refinery  
  67  4:54  Supply Depot, Stimpack, Marine  
  67  4:58  SCV  
  69  5:00  SCV  
  69  5:04  Terran Infantry Weapons Level 1  
  69  5:05  Supply Depot  
  70  5:08  SCV  
  70  5:10  SCV  
  70  5:12  SCV  
  73  5:17  Barracks  
  73  5:18  Marine  
  73  5:19  Terran Infantry Armor Level 1  
  73  5:20  Marine, SCV  
  76  5:22  Supply Depot, Starport Reactor  
  76  5:24  Marine  
  76  5:27  SCV  
  78  5:32  Supply Depot, SCV  
  78  5:35  Siege Tank  
  82  5:36  SCV, Marine  
  82  5:38  Marine  
  82  5:39  SCV  
  83  5:42  Marine  
  83  5:44  SCV  
  83  5:48  SCV  
  86  5:51  SCV  
  86  5:55  Marine  
  86  5:56  SCV  
  86  5:59  Marine  
  86  6:00  SCV  
  86  6:02  Medivac x2  
  86  6:03  SCV  
  85  6:05  Barracks Reactor  
  85  6:07  Barracks x2  
  85  6:09  Siege Tank  
  85  6:10  SCV  
  85  6:11  Supply Depot  
  87  6:12  Marine  
  87  6:13  SCV  
  87  6:16  Marine, Supply Depot  
  87  6:20  SCV  
  87  6:23  SCV  
  87  6:24  Supply Depot  
  87  6:25  Marine  
  90  6:28  SCV  
  91  6:33  Combat Shield  
  91  6:34  Command Center  
  91  6:37  Marine x2  
  91  6:38  Supply Depot  
  91  6:39  Medivac  
  95  6:43  Marine x2  
  95  6:44  Marine  
  101  6:48  Supply Depot  
  101  6:50  Refinery  
  101  6:53  Barracks  
  101  6:54  Barracks x2  
  101  7:00  Marine  
  101  7:01  Marauder  
  101  7:03  Marine x3  
  101  7:05  Armory  
  101  7:06  SCV x2  
  106  7:08  Sensor Tower  
  106  7:12  SCV  
  106  7:14  Factory Reactor  
  106  7:15  Marine x2  
  104  7:17  Marine  
  104  7:18  SCV, Marine  
  104  7:20  Medivac x2  
  104  7:21  Marine  
  113  7:23  Marauder, Marine x2  
  113  7:29  Concussive Shells  
  115  7:32  Marine x2  
  115  7:35  Marine  
  115  7:36  SCV x2  
  123  7:37  SCV, Marauder  
  123  7:39  Marine  
  123  7:42  Supply Depot  
  123  7:43  Barracks Tech Lab x3, Marine x2  
  128  7:44  Marauder  
  128  7:45  Supply Depot  
  128  7:48  SCV  
  128  7:50  Medivac, Marine  
  128  7:51  SCV, Marine, Supply Depot  
  133  7:52  Supply Depot  
  133  7:53  Marine  
  133  7:56  Marine  
  133  7:58  Marine  
  137  8:00  Terran Infantry Weapons Level 2, Terran Infantry Armor Level 2  
  137  8:01  Marine  
  137  8:02  Widow Mine  
  137  8:04  Widow Mine  
  144  8:05  Marauder  
  144  8:08  Marauder x2  
  144  8:12  Planetary Fortress  
  147  8:15  Marine x3  
  147  8:16  Marine  
  147  8:17  SCV  
  147  8:18  SCV  
  153  8:22  Marauder  
  155  8:31  Medivac, Marine x2  
  155  8:32  Widow Mine x2, Marine x2  
  155  8:33  Marine  
  138  8:34  Marine  
  138  8:37  Marine x2, Marauder x2  
  141  8:42  Terran Vehicle And Ship Armor Level 1  
  141  8:44  Marauder  
  143  8:48  Sensor Tower, Marine  
  143  8:49  Marine  
  143  8:50  Marauder x2  
  143  8:51  SCV x2, Marine  
  143  8:52  SCV x2  
  156  8:57  Command Center  
  156  8:59  Marauder  
  156  9:00  Marine, Marauder  
  156  9:02  Liberator  
  164  9:03  Liberator  
  164  9:04  Widow Mine  
  164  9:05  Widow Mine  
  164  9:07  Marine  
  164  9:08  Marine x2, Marauder  
  164  9:09  Marine  
  173  9:11  Marine  
  173  9:12  Marauder  
  173  9:15  Marauder, Refinery  
  173  9:16  Refinery  
  178  9:18  Marine  
  178  9:20  Marauder  
  178  9:21  Marine  
  178  9:23  Starport  
  182  9:24  Missile Turret  
  182  9:27  Widow Mine  
  182  9:29  Marine  
  182  9:30  Marauder  
  187  9:32  Marine x2  
  187  9:33  Marauder  
  187  9:37  Marauder  
  187  9:38  Marine x2  
  193  9:39  Marine  
  193  9:43  Marauder x2  
  193  9:44  Widow Mine  
  193  9:45  Medivac  
  181  9:47  Marine  
  181  9:49  Medivac  
  181  9:50  Marine x2  
  181  9:51  Marauder  
  181  9:52  Widow Mine  
  176  9:54  Marauder  
  176  9:56  Marine x2  
  176  9:58  Marauder  
  171  10:02  Marine  
  171  10:04  Marine, Starport Reactor  
  164  10:10  Marine  
  164  10:11  Widow Mine, Marine  
  164  10:12  Marauder  
  164  10:13  Marauder, Marine  
  167  10:16  Marauder, Liberator, Widow Mine  
  167  10:19  Marauder  
  173  10:21  Marine  
  173  10:22  Marauder  
  173  10:26  Marine x2  
  178  10:28  Marine x2  
  178  10:32  Marine, Widow Mine  
  178  10:33  Marauder  
  178  10:34  Marauder  
  182  10:37  Marine  
  182  10:38  Widow Mine  
  182  10:42  Marine  
  185  10:44  SCV, Planetary Fortress  
  185  10:46  Missile Turret, Sensor Tower  
  185  10:48  Medivac  
  185  10:49  Marine x2  
  187  10:51  SCV  
  187  10:52  Refinery  
  187  10:53  Widow Mine  
  187  10:56  Sensor Tower, Liberator x2  
  197  10:58  Marine  
  197  10:59  Widow Mine  
  197  11:02  Viking  
  200  11:08  Marine x2  
  200  11:09  Marine  
  200  11:10  Marine  
  200  11:11  Marauder x5, Marine  
  191  11:15  Widow Mine  
  191  11:16  Marine  
  193  11:18  Command Center  
  193  11:20  Widow Mine  
  168  11:25  Marine  
  168  11:26  Marine  
  168  11:27  SCV x2  
  168  11:28  SCV  
  168  11:30  Medivac, Marine x2  
  168  11:31  Marine  
  168  11:32  Marauder x2  
  177  11:36  Widow Mine, Medivac, Marine  
  177  11:37  Marine x2  
  177  11:38  Marine  
  177  11:42  Widow Mine  
  177  11:43  Medivac, SCV, Marine  
  177  11:44  Marine, SCV  
  175  11:48  Marine x3, SCV  
  175  11:50  Medivac  
  175  11:53  Marine x2  
  174  11:54  Marine x2  
  174  11:57  Widow Mine  
  174  11:58  Marauder  
  174  12:00  Marauder  
  175  12:01  Marine  
  175  12:03  Widow Mine  
  175  12:04  Marine  
  175  12:06  Marine  
  181  12:08  Marine x2  
  181  12:11  Marauder  
  184  12:18  Marauder  
  184  12:19  Marine, Widow Mine  
  184  12:20  Marine  
  184  12:21  Marine  
  178  12:25  Marine  
  178  12:26  Marine  
Tags
 
Add a new tag
Caveats
  • Supply blocks, unpowered buildings, or Contaminate may cause inaccurate times.
  • Supply counts are checked every 10 seconds.